 Dungeon Crawl Stone Soup version 0.27-a0-592-g0306a34022 (webtiles) character file.

Game seed: 4896140597818605275

765 Rennog the Changer (level 7, 0/57 HPs)
             Began as a Naga Transmuter on Mar 10, 2021.
             Slain by an orc priest
             ... wielding a +0 short sword
              (2 damage)
             ... on level 4 of the Dungeon.
             The game lasted 00:05:56 (6377 turns).

Rennog the Changer (Naga Transmuter)                Turns: 6377, Time: 00:05:57

Health: 0/57       AC:  2    Str: 12    XL:     7   Next: 81%
Magic:  11/13      EV: 19    Int: 15    God:
Gold:   106        SH:  0    Dex: 17    Spells: 8/14 levels left

rFire    . . .     SeeInvis +     - Unarmed
rCold    . . .     Faith    .   (shield currently unavailable)
rNeg     . . .     Spirit   .   (armour currently unavailable)
rPois    x         Reflect  .   (helmet currently unavailable)
rElec    .         Harm     .   (cloak currently unavailable)
rCorr    .         Rampage  .   (gloves currently unavailable)
Will     .....                  (no barding)
Stlth    +++.......             (no amulet)
HPRegen  0.19/turn              (no ring)
MPRegen  0.13/turn              (no ring)

@: spider-form (expiring), attractive
A: tiny, see invisible, spit poison 1, AC +2
a: Spit Poison, End Transformation


You were on level 4 of the Dungeon.
You were a venomous arachnid creature.
You visited 1 branch of the dungeon, and saw 4 of its levels.

You collected 106 gold pieces.

Inventory:

Armour
 a - a +0 robe (melded)
 c - a +0 cloak (melded)
Jewellery
 d - a ring of fire
Scrolls
 e - a scroll of fog {unknown}
 g - a scroll of teleportation {unknown}
 h - 3 scrolls of identify {unknown}
 j - a scroll of noise {unknown}
 l - a scroll of enchant weapon {unknown}
Potions
 b - a potion of lignification {unknown}
 f - a potion of degeneration {unknown}
 k - a potion of resistance {unknown}


   Skills:
 - Level 1.0 Fighting
 - Level 1.5 Dodging
 + Level 4.1 Stealth
 + Level 4.9 Unarmed Combat
 + Level 4.0 Spellcasting
 * Level 5.9 Transmutations


You had 8 spell levels left.
You knew the following spells:

 Your Spells              Type           Power      Damage    Failure   Level
a - Beastly Appendage     Tmut           40%        N/A       7%          1
b - Wereblood             Tmut           20%        N/A       9%          2
c - Spider Form           Tmut/Pois      5%         N/A       34%         3

Your spell library contained the following spells:

 Spells                   Type           Power      Damage    Failure   Level
 Blade Hands              Tmut           10%        N/A       63%         5
 Ice Form                 Ice/Tmut       11%        N/A       69%         4


Dungeon Overview and Level Annotations

Branches:
Dungeon (4/15)
 Temple: D:4-7

Altars:
Ashenzari


Innate Abilities, Weirdness & Mutations

((Your serpentine skin is tough. (AC +2)))
You have supernaturally acute eyesight. (SInv)
((Armour fits poorly on your strangely shaped body.))
((Your system is resistant to poisons. (rPois)))
((You cover ground very slowly.))
You can spit poison.
((You have a snake-like lower body.))


Message History

The orc wizard casts a spell at itself.
The orc wizard flickers and vanishes for a moment.
You hit the orc wizard.
The orc wizard is almost dead.
A dart slug comes into view.
Your transformation is almost over.
You kill the orc wizard!
The orc priest invokes the aid of Beogh against you.
Beogh smites you! The orc wizard casts a spell at you. The magic dart hits you!
The orc wizard closely misses you.
Found 6 gold pieces.
Found a stone staircase leading down.
Things that are here:
a +0 trident; a +0 ring mail You hit the orc wizard.
The orc wizard is poisoned.
The orc wizard is lightly wounded.
The orc priest begins to cast a cantrip, but forgets the words!
You barely miss the orc wizard.
The orc wizard is lightly wounded.
The orc wizard casts a spell at you.
You easily resist.
The orc wizard points at you and mumbles some strange words.
The puff of flame hits you!
* * * LOW HITPOINT WARNING * * *
You bite the orc wizard!
The orc wizard is severely wounded.
The orc misses you.
Unknown command.
The orc priest mumbles some strange prayers to Beogh against you.
Pain shoots through your body!
* * * LOW HITPOINT WARNING * * *
The orc wizard barely misses you.
The orc wizard hits you with a +0 dagger.
* * * LOW HITPOINT WARNING * * *
The orc hits you with a +0 hand axe.
* * * LOW HITPOINT WARNING * * *
It was a potion of attraction.
You feel attractive to monsters.
The orc priest hits you with a +0 short sword.
You die...

#.....### ######.## .#
#..# #### .# #..# #..##
. .# ##.## #...# #.. .#
###..# #...#####..$.
.####....###............
)..........#..)oo..w..>.
..>.#..........)so....#
########...#....o....##
# #...###...###### #
##..## ##### ## ##..##
.####..## .......#
.......# .#....##


You could see an orc priest, 2 orc wizards, a dart slug and an orc.

Vanquished Creatures
  Menkaure (D:4)
  An ogre (D:4)
  Blork the orc (D:4)
  4 scorpions
  2 hounds (D:4)
  An orc wizard (D:4)
  2 iguanas (D:4)
  A worker ant (D:3)
  6 adders
  3 worms
  8 leopard geckos
  2 orcs (D:4)
  4 giant cockroaches (D:2)
  6 goblins
  12 hobgoblins
  2 jackals (D:2)
  5 kobolds
  2 quokkas (D:2)
  6 bats
  3 frilled lizards
  7 rats
79 creatures vanquished.

Notes
Turn   | Place    | Note
-------+----------+-------------------------------------------
     0 | D:1      | Rennog the Naga Transmuter began the quest for the Orb.
     0 | D:1      | Reached XP level 1. HP: 18/18 MP: 3/3
   183 | D:1      | Reached XP level 2. HP: 20/25 MP: 5/5
  1321 | D:2      | Reached XP level 3. HP: 10/31 MP: 6/6
  1334 | D:2      | Reached skill level 3 in Transmutations
  1381 | D:2      | Learned a level 2 spell: Wereblood
  1614 | D:2      | Found a broken altar of Ashenzari.
  2500 | D:2      | Reached XP level 4. HP: 38/38 MP: 5/7
  2964 | D:2      | Reached XP level 5. HP: 31/44 MP: 7/9
  3459 | D:3      | Reached skill level 4 in Transmutations
  4294 | D:4      | Reached skill level 1 in Stealth
  4294 | D:4      | Reached XP level 6. HP: 40/51 MP: 8/10
  4474 | D:4      | HP: 2/51 [scorpion (2)]
  4783 | D:4      | Reached skill level 5 in Transmutations
  4787 | D:4      | Learned a level 3 spell: Spider Form
  5084 | D:4      | Reached XP level 7. HP: 10/57 MP: 10/12
  5695 | D:4      | Noticed Menkaure
  5707 | D:4      | Killed Menkaure
  5960 | D:4      | Noticed Blork the orc
  5970 | D:4      | Killed Blork the orc
  6376 | D:4      | HP: 2/57 [orc/+0 hand axe (4)]
  6377 | D:4      | Slain by an orc priest

Illustrated notes

Levels and vault maps discovered:
D:1:      wander_arrival_lonely_grave, layout_rooms,
          chequers_serial_rivers_large_a
D:2:      layout_loops_cross, ashenzari_conservatory_becter, minmay_tromino_i2
D:3:      layout_loops_ring
D:4:      layout_layer_cave, uniq_menkaure, uniq_blork_the_orc

Skill      XL: |  1  2  3  4  5  6  7 |
---------------+----------------------+-----
Transmutations | 3 4 5 |  5.9
Spellcasting   | 3 4 |  4.0
Unarmed Combat | 4 |  4.9
Stealth        | 1 2 4 |  4.1
Fighting       | |  1.0
Dodging        | |  1.5

Action                   |  1- 3 |  4- 6 |  7- 9 || total
-------------------------+-------+-------+-------++-------
Melee: Unarmed           |   144 |   170 |    46 ||   360
       Headbutt          |    13 |    22 |     1 ||    36
       Punch             |       |     5 |       ||     5
 Cast: Beastly Appendage |    17 |    31 |     2 ||    50
       Spider Form       |       |       |     5 ||     5
 Abil: Spit Poison       |       |     3 |       ||     3
  Use: Potion            |       |       |     1 ||     1
 Stab: Sleeping          |       |     2 |       ||     2
Armor: Robe              |    37 |    27 |     3 ||    67
Dodge: Dodged            |    72 |    76 |    27 ||   175

Table legend: (Time is in decaauts)
 A = Elapsed time spent in this place.
 B = Non-inter-level travel time spent in this place.
 C = Inter-level travel time spent in this place.
 D = Time resting spent in this place.
 E = Time spent auto-exploring this place.
 F = Levels seen in this place.
 G = Mean time per level.
                   A        B        C        D        E       F      G
               +--------+--------+--------+--------+--------+-----+--------+
         Total |   7168 |   7083 |     85 |      0 |   6331 |   4 | 1792.0 |
       Dungeon |   7168 |   7083 |     85 |      0 |   6331 |   4 | 1792.0 |
               +--------+--------+--------+--------+--------+-----+--------+

Top non-repeatable levels by time:
     D:2: 2550 daAuts
     D:4: 2285 daAuts
     D:3: 1206 daAuts
     D:1: 1126 daAuts
